 Dungeon Crawl Stone Soup version 0.30-a0-719-gcc4359ea44 (webtiles) character file.

Game seed: 1827195238795847358

115 voltaire321 the Magician (level 5, -1/33 HPs)
             Began as an Octopode Hedge Wizard on Jan 27, 2023.
             Slain by an orc
             ... wielding a +0 club
              (5 damage)
             ... on level 3 of the Dungeon.
             The game lasted 00:06:19 (2616 turns).

voltaire321 the Magician (Octopode Hedge Wizard)    Turns: 2616, Time: 00:06:20

Health: -1/33      AC:  1    Str:  9    XL:     5   Next: 0%
Magic:  10/10      EV: 13    Int: 18    God:
Gold:   107        SH:  0    Dex: 12    Spells: 5/10 levels left

rFire   . . .      SeeInvis .    a - +0 dagger
rCold   . . .      Faith    .    (no shield)
rNeg    . . .      Spirit   .    b - +0 hat
rPois   .          Reflect  .    n - amulet of magic regeneration
rElec   .          Harm     .    (no ring)
rCorr   .          Rampage  .    (no ring)
Will    .....                    (no ring)
Stlth   +++                      (no ring)
HPRegen 0.25/turn                (no ring)
MPRegen 0.52/turn                (no ring)
                                 (no ring)
                                 (no ring)

@: no status effects
A: almost no armour, amphibious, 8 rings, camouflage 1, gelatinous body 1,
(nimble swimmer 1), tentacles
a: no special abilities


You were on level 3 of the Dungeon.
You visited 1 branch of the dungeon, and saw 3 of its levels.

You collected 107 gold pieces.

Inventory:

Hand Weapons
 a - a +0 dagger (weapon)
Armour
 b - a +0 hat (worn)
Jewellery
 n - an amulet of magic regeneration (around mantle)
Scrolls
 e - a scroll of fear {unknown}
 f - 3 scrolls of blinking {unknown}
 g - a scroll of immolation {unknown}
 h - a scroll of poison {unknown}
 i - 2 scrolls of teleportation {unknown}
 j - 2 scrolls of enchant armour {unknown}
 k - 2 scrolls of identify {unknown}
 l - a scroll of enchant weapon {unknown}
 p - 3 scrolls of noise {unknown}
 q - a scroll of fog {unknown}
Potions
 c - a potion of magic
 d - 2 potions of invisibility {unknown}
 m - a potion of brilliance {unknown}
 o - 4 potions of curing {unknown}


   Skills:
 + Level 1.4 Fighting
 + Level 2.7 Dodging
 - Level 2.6 Stealth
 + Level 3.4 Spellcasting
 + Level 2.0 Conjurations
 + Level 1.9 Summonings
 + Level 1.9 Translocations


You had 5 spell levels left.
You knew the following spells:

 Your Spells              Type           Power      Damage    Failure   Level
a - Magic Dart            Conj           40%        1d5       7%          1
b - Call Imp              Summ           10%        N/A       11%         2
c - Blink                 Tloc           20%        N/A       11%         2

Your spell library contained the following spells:

 Spells                   Type           Power      Damage    Failure   Level
 Slow                     Hex            12%        N/A       16%         1
 Gell's Gravitas          Tloc           10%        N/A       22%         3
 Teleport Other           Tloc           10%        N/A       22%         3
 Cigotuvi's Dreadful Rot  Necr/Pois/Air  6%         N/A       24%         2
 Hailstorm                Conj/Ice       6%         3d4       30%         3
 Mephitic Cloud           Conj/Pois/Air  5%         N/A       34%         3
 Ice Form                 Ice/Tmut       3%         N/A       83%         4
 Dispersal                Tloc           5%         N/A       100%        6
 Simulacrum               Ice/Necr       1%         N/A       100%        6


Dungeon Overview and Level Annotations

Branches:
Dungeon (3/15)

Altars:
Wu Jian


Innate Abilities, Weirdness & Mutations

You cannot wear most types of armour.
You are amphibious.
You can wear up to eight rings at the same time.
Your skin changes colour to match your surroundings (Stealth+).
Your rubbery body absorbs attacks. (AC +1, EV +1)
((You are camouflaged when in or above water. (Stealth+)))
You have tentacles for arms and can constrict up to eight enemies at once.


Message History

2 orcs come into view.
An orc is wielding a +2 hand axe of flaming.
Found 7 gold pieces.
Found a stone staircase leading down.
The helpless orc priest fails to defend itself.
You hit the orc priest. Your grab misses the orc priest.
Your squeeze misses the orc priest.
The orc priest is moderately wounded.
The orc priest calls down the wrath of Beogh upon you.
Beogh smites you!
Ouch! That really hurt!
You hit the orc priest. You grab the orc priest.
The orc priest is moderately wounded.
You constrict the orc priest, but do no damage.
The orc priest hits you with a +0 dagger.
You hit the orc priest but do no damage.
The orc priest is moderately wounded.
You constrict the orc priest.
The orc priest hits you with a +0 dagger.
* * * LOW HITPOINT WARNING * * *
You hit the orc priest but do no damage.
The orc priest is heavily wounded.
You constrict the orc priest.
The orc priest hits you with a +0 dagger.
* * * LOW HITPOINT WARNING * * *
You hit the orc priest but do no damage.
The orc priest is heavily wounded.
You constrict the orc priest.
The orc priest hits you with a +0 dagger.
* * * LOW HITPOINT WARNING * * *
You hit the orc priest but do no damage.
You squeeze the orc priest.
You kill the orc priest!
Your Conjurations skill increases to level 2!
You have reached level 5!
You feel agile.
You barely miss the orc. Your grab misses the orc. The orc closely misses you.
You hit the orc. Your grab misses the orc.
The orc is lightly wounded.
The orc hits you with a +0 club.
You die...

#.#.#.######§#._.#§#
############..>.......###...###
..†.....................#####
#.##...........#.######.##§#
#.#####.............# ### #.#
#.###.....###.# #.# #.#
##.#..## # #.# #.# #.#...# #.#
#.# #....#@# ..#####.# #..###o#
........##.........$...#
.#########......$.=..>.. .#
.......#.##.#o.# .# ..........
.!... .# ......#.# ... .# #....
#.. ..# .# #.... #.# #.#


You could see an orc.

Vanquished Creatures
  An orc priest (D:3)
  An adder (D:2)
  4 dart slugs
  4 ball pythons
  6 bats
  5 endoplasms
  2 giant cockroaches
  3 goblins
  5 hobgoblins
  2 jackals (D:1)
  3 quokkas (D:2)
  4 frilled lizards
  6 kobolds (D:1)
  3 rats
49 creatures vanquished.

Vanquished Creatures (collateral kills)
  An adder (D:2)
  A worm (D:3)
  A ball python (D:2)
3 creatures vanquished.

Vanquished Creatures (others)
  4 plants (D:2)
4 creatures vanquished.

Grand Total: 56 creatures vanquished

Notes
Turn   | Place    | Note
-------+----------+-------------------------------------------
     0 | D:1      | voltaire321 the Octopode Hedge Wizard began the quest for
                  | the Orb.
     0 | D:1      | Reached XP level 1. HP: 11/11 MP: 4/4
   159 | D:1      | Reached XP level 2. HP: 2/17 MP: 3/6
   515 | D:1      | Learned a level 2 spell: Call Imp
   518 | D:1      | Learned a level 2 spell: Blink
   615 | D:1      | Reached XP level 3. HP: 22/22 MP: 4/7
  1026 | D:1      | Reached skill level 1 in Fighting
  1281 | D:2      | Found a faded altar of an unknown god.
  1546 | D:2      | Reached XP level 4. HP: 28/28 MP: 6/8
  2494 | D:3      | Found an ornate altar of the Wu Jian Council.
  2615 | D:3      | Reached XP level 5. HP: 4/33 MP: 10/10
  2616 | D:3      | Slain by an orc

Illustrated notes

Levels and vault maps discovered:
D:1:      scummos_arrival_simple_crosswalls, layout_basic
D:2:      layout_basic, ebering_ecumenical_altar_sacrificial, serial_forest,
          infiniplex_forest_lined_3_way, infiniplex_forest_lined_2,
          infiniplex_forest_straight_2, infiniplex_forest_diagonal,
          infiniplex_forest_lined_3_way, infiniplex_forest_corner_2,
          infiniplex_forest_diagonal, infiniplex_forest_clump_medium
D:3:      layout_loops_ring, pdpol_wu_jian_five_deadly_venoms,
          serial_park_tiny_pond, kennysheep_generic_room_11

Skill      XL: |  1  2  3  4 |
---------------+-------------+-----
Fighting       | 1 |  1.4
Conjurations   | 2 |  2.0
Dodging        | |  2.7
Stealth        | |  2.6
Spellcasting   | |  3.4
Summonings     | |  1.9
Translocations | |  1.9

Action                     |  1- 3 |  4- 6 || total
---------------------------+-------+-------++-------
  Melee: Dagger            |    53 |    20 ||    73
         Constrict         |    13 |     5 ||    18
         Tentacles         |    11 |     3 ||    14
   Cast: Magic Dart        |    70 |     9 ||    79
         Call Imp          |     2 |     5 ||     7
   Stab: Sleeping          |     2 |     2 ||     4
 Armour: Skin              |     3 |     1 ||     4
  Dodge: Dodged            |    42 |     8 ||    50

Table legend: (Time is in decaauts)
 A = Elapsed time spent in this place.
 B = Non-inter-level travel time spent in this place.
 C = Inter-level travel time spent in this place.
 D = Time resting spent in this place.
 E = Time spent auto-exploring this place.
 F = Levels seen in this place.
 G = Mean time per level.
                   A        B        C        D        E       F      G
               +--------+--------+--------+--------+--------+-----+--------+
         Total |   2615 |   2484 |    131 |    197 |   1862 |   3 |  871.7 |
       Dungeon |   2615 |   2484 |    131 |    197 |   1862 |   3 |  871.7 |
               +--------+--------+--------+--------+--------+-----+--------+

Top non-repeatable levels by time:
     D:2: 1391 daAuts
     D:1: 1039 daAuts
     D:3: 184 daAuts
